groovejumper, neutral female human Wizard ------ .....--- .... . ...-.-- ---.....----- ............. ---.........--- |...........).| |......G@...--- |... -<......| |........*..|.- ---......--.| ---..... .. --.... -.. ---.- -... --- --.- . - groovejumper the Thaumaturge Experience level: 9 Strength: 16 Dexterity: 14 Constitution: 14 Intelligence: 16 Wisdom: 10 Charisma: 12 Health: 0(63) Energy: 100(100) AC: 10 Gold: 0 Moves: 8218 Your Inventory: Weapons a - a blessed +2 quarterstaff Z - 11 blessed [+1] darts Armor s - an uncursed rotted +0 cloak of magic resistance (being worn) Scrolls j - a [cursed] scroll labeled VERR YED HORRE [of destroy armor] Wands n - an [uncursed] wand of teleportation [0:7] Tools b - an uncursed sack g - an [uncursed +0] pick-axe (weapon in hand) m - an [uncursed wax] candle Contents of the sack: 939 gold pieces an [uncursed +0] crossbow [of frost] 4 uncursed [+1] darts an uncursed lizard corpse an uncursed tripe ration a blessed scroll called earth [of earth] an uncursed scroll called earth [of earth] an uncursed scroll labeled ELAM EBOW [of create monster] an uncursed scroll labeled LEP GEX VEN ZEA [of light] an uncursed scroll labeled PRIRUTSENIE [of remove curse] a blessed scroll labeled ZELGO MER [of gold detection] an uncursed scroll of food detection 2 blessed unlabeled scrolls [of blank paper] 2 uncursed unlabeled scrolls [of blank paper] an uncursed spellbook of extra healing a blessed spellbook of force bolt an uncursed spellbook of remove curse an uncursed spellbook of sleep 3 uncursed clear potions [of water] 2 uncursed indigo potions [of hallucination] an uncursed magenta potion [of booze] an uncursed muddy potion [of gain energy] an uncursed potion of extra healing an [uncursed] ivory ring [of regeneration] an uncursed jacinth ring [of stealth] a cursed [+0] moonstone ring [of gain wisdom] a blessed [+1] obsidian ring [of adornment] a cursed ring of aggravate monster a blessed +2 ring of gain constitution an uncursed [-2] ring of gain constitution a cursed ring of polymorph an uncursed ring of polymorph control an uncursed ring of polymorph control an uncursed ring of protection from shape changers an uncursed wooden ring [of searching] an uncursed alabaster wand [of cold (0:5)] an uncursed cedar wand [of make invisible (0:7)] an uncursed grooved wand [of polymorph (0:8)] an uncursed iridium wand [of opening (0:8)] an uncursed pine wand [of create monster (0:15)] a cursed pine wand [of create monster (0:13)] an uncursed plastic wand [of light (0:15)] an uncursed walnut wand [of enlightenment (0:14)] an uncursed wand of digging (0:5) an uncursed blindfold 7 uncursed [wax] candles an uncursed lock pick an uncursed magic marker (0:65) Spells known in the end: Name Level Category Fail Memory a - force bolt 1 attack 0% [|||||...] b - sleep 1 enchantment 0% [|||||...] c - extra healing 3 healing 84% [||||||..] d - remove curse 3 clerical 84% [||||||..] Your skills at the end: Fighting Skills Weapon Skills quarterstaff [Skilled / Expert] Spellcasting Skills attack spells [Skilled / Expert] enchantment spells [Basic / Skilled] Final Attributes: You were piously aligned. Hunger level was 447. Your alignment was 50 / 51. Monster difficulty range was 0 - 7. Level difficulty was 5. You were magic-protected. You were telepathic. Your luck was zero. You are dead. Vanquished creatures: 2 giant mimics 2 giant beetles 3 leprechauns an orc mummy a dwarf mummy 2 brown puddings a yeti a lizard 2 housecats a blue jelly a snake a rope golem a bugbear an imp a water nymph 2 Mordor orcs 3 rock piercers 2 enormous rats 5 rock moles a pony 2 fog clouds 2 shriekers 2 violet fungi 3 gnome lords 2 kobold mummies 3 red naga hatchlings a black naga hatchling 3 guardian naga hatchlings 3 gray oozes 11 elf zombies 2 ghouls a straw golem a paper golem a wax golem a baby crocodile a giant ant 4 floating eyes 4 dwarves a homunculus 2 hill orcs 2 rothes 4 rabid rats 2 centipedes a monkey 3 orc zombies a wererat an iguana an acid blob 3 gas spores 2 hobbits 7 manes 2 large kobolds a hobgoblin 5 giant rats 3 cave spiders 2 brown molds 2 yellow molds 2 red molds 13 gnomes 3 geckos 3 jackals 3 foxes 4 kobolds 2 goblins 3 sewer rats 9 grid bugs a bat 3 lichens 3 kobold zombies 4 newts 179 creatures vanquished. Voluntary challenges: You used a wielded weapon 186 times. You read items or engraved 15 times. You put on armor 1 time. You never genocided any monsters. You never polymorphed an object. You never changed form. You used no wishes. You wrote Elbereth's name 6 times. You never encountered a bones level. You never used any Sokoban shortcuts. Dungeon overview: The Dungeons of Doom: levels 1 to 7 Level 1 a fountain a long staircase Level 3 an altar stairs to The Gnomish Mines Level 4 a fountain Level 5 a fountain, a sink Level 6 many fountains Level 7 stairs to Sokoban The Gnomish Mines: levels 4 to 5 Level 4 stairs to The Dungeons of Doom Level 5 <- You were here Sokoban: levels 4 to 6 Level 6 stairs to The Dungeons of Doom History has recorded: On T:1 you entered the Dungeons of Doom to retrieve the Amulet of Yendor! On T:225 you advanced to experience level 2. On T:325 you reached level 2 of The Dungeons of Doom. On T:677 you reached level 3 of The Dungeons of Doom. On T:706 you advanced to experience level 3. On T:1020 you advanced to experience level 4. On T:1029 you reached level 4 of The Dungeons of Doom. On T:1111 you advanced to experience level 5. On T:1385 you reached level 5 of The Dungeons of Doom. On T:1597 you advanced to experience level 6. On T:1888 you reached level 6 of The Dungeons of Doom. On T:2247 you advanced to experience level 7. On T:2532 you reached level 7 of The Dungeons of Doom. On T:2603 you reached level 3 of Sokoban. On T:3312 you reached level 2 of Sokoban. On T:3809 you advanced to experience level 8. On T:3819 you reached level 1 of Sokoban. On T:6390 you advanced to experience level 9. On T:6992 you received advice from The Oracle. On T:7375 you reached level 1 of The Gnomish Mines. On T:8201 you reached level 2 of The Gnomish Mines. Latest messages: Taro picks up a dagger. The gnome king wields a dagger! You miss the gnome king. Taro drops a dagger. The gnome king thrusts his dagger. The gnome king hits! [HP-10=41] [2 turns] You hit the gnome king. The gnome king thrusts his dagger. The gnome king hits! [HP-8=33] You hit the gnome king. The gnome king thrusts his dagger. The gnome king hits! [HP-14=19] You hit the gnome king. The gnome king thrusts his dagger. The gnome king hits! The gnome king thrusts his dagger. The gnome king hits! You die... Final status: Goodbye groovejumper the Wizard... You died in The Gnomish Mines on dungeon level 5 with 10624 points, and 939 pieces of gold, after 8218 moves. You were level 9 with a maximum of 63 hit points when you died.